 Dungeon Crawl Stone Soup version 0.25.1-2-g60ff931df9 (webtiles) character file.

Game seed: 5123321363049356950

25 Johnny the Digger (level 2, 0/20 HPs)
             Began as a Demigod Earth Elementalist on Oct 27, 2020.
             Slain by an adder (5 damage)
             ... on level 2 of the Dungeon.
             The game lasted 00:00:45 (1182 turns).

Johnny the Digger (Demigod Earth Elementalist)      Turns: 1182, Time: 00:00:47

Health: 0/20       AC:  2    Str: 11    XL:     2   Next: 63%
Magic:  6/7        EV: 12    Int: 19    God:
Gold:   52         SH:  0    Dex: 16    Spells: 4/5 levels left

rFire    . . .     SeeInvis .   i - +1 hand axe (flame)
rCold    . . .     Gourm    .   (no shield)
rNeg     . . .     Faith    .   c - +0 robe
rPois    +         Spirit   .   (no helmet)
rElec    .         Reflect  .   (no cloak)
rCorr    .         Harm     .   (no gloves)
MR       .....                  (no boots)
Stlth    ++........             (no amulet)
HPRegen  0.06/turn              l - ring of wizardry
MPRegen  0.10/turn              o - ring of poison resistance

@: lethally poisoned (0 -> -4)
A: high mp 1
a: no special abilities


You were on level 2 of the Dungeon.
You were not hungry.

You visited 1 branch of the dungeon, and saw 2 of its levels.

You collected 52 gold pieces.

Inventory:

Hand Weapons
 f - a +0 mace
 i - a +1 hand axe of flaming (weapon)
Missiles
 b - 73 stones (quivered)
Armour
 c - a +0 robe (worn)
Jewellery
 k - a +6 ring of strength
 l - a ring of wizardry (left hand)
 o - a ring of poison resistance (right hand)
Scrolls
 a - 2 scrolls of enchant armour {unknown}
 h - a scroll of immolation {unknown}
 j - a scroll of remove curse {unknown}
 m - a scroll of identify {unknown}
 n - a scroll of fog {unknown}
Potions
 e - a potion of flight {unknown}
 g - a potion of degeneration {unknown}
 p - a potion of brilliance {unknown}
Comestibles
 d - 4 rations
 q - a chunk of flesh


   Skills:
 - Level 1.7 Dodging
 - Level 1.7 Stealth
 + Level 2.2 Spellcasting
   Level 0.8 Transmutations
 * Level 3.4 Earth Magic


You had 4 spell levels left.
You knew the following spells:

 Your Spells              Type           Power        Failure   Level  Hunger
a - Sandblast             Erth           ###...       1%          1    #......

Your spell library contained the following spells:

 Spells                   Type           Power        Failure   Level  Hunger
 Passwall                 Tmut/Erth      ##......     4%          2    ##.....
 Stone Arrow              Conj/Erth      #.....       10%         3    ###....
 Petrify                  Tmut/Erth      ##......     26%         4    #####..
 Lee's Rapid Deconstruct  Erth           ###.......   41%         5    ######.


Dungeon Overview and Level Annotations

Branches:
Dungeon (2/15)


Innate Abilities, Weirdness & Mutations

You have an increased reservoir of magic. (+10% MP)


Message History

The adder bites you but does no damage.
You barely miss the adder. The adder closely misses you.
The adder barely misses you.
An adder is nearby!
An adder is nearby!
An adder is nearby!
You hit the adder but do no damage. The adder bites you.
Casting: Sandblast (safe; 1% risk of failure)
Confirm with . or Enter, or press ? or * to list all spells.
Aiming: Sandblast (safe; 1% risk of failure)
Press: ? - help, Shift-Dir - straight line, f - adder
Aim: an adder The blast of sand hits the adder.
The adder is moderately wounded.
b - 73 stones The adder bites you.
* * * LOW HITPOINT WARNING * * *
You are poisoned.
The adder poisons you! The adder bites you.
You die...

#. #<########### ##
.#............ #.
............. #.
#.....).รท... . #.
#...........
..<.##.######>..........
......S@................
....##.######...........
. #. ############ #. #.
#. #. #.


You could see an adder.

Vanquished Creatures
  A dart slug (D:1)
  5 bats
  2 giant cockroaches (D:1)
  4 goblins
  3 hobgoblins
  2 kobolds (D:1)
  4 rats
21 creatures vanquished.

Notes
Turn   | Place    | Note
-------+----------+-------------------------------------------
     0 | D:1      | Johnny the Demigod Earth Elementalist began the quest for
                  | the Orb.
     0 | D:1      | Reached XP level 1. HP: 14/14 MP: 5/5
    79 | D:1      | Reached skill level 3 in Earth Magic
   458 | D:1      | Reached XP level 2. HP: 17/20 MP: 7/7
  1182 | D:2      | Slain by an adder

Illustrated notes

Levels and vault maps discovered:
D:1:      minmay_arrival_nine_rooms, layout_loops_cross, minmay_octomino_c4
D:2:      layout_basic, xom_teletrap_fun, first_ration, nrook_uturn,
          minmay_circle_x

Skill      XL: |  1 |
---------------+----+-----
Earth Magic    | 3 |  3.4
Spellcasting   | 2 |  2.2
Dodging        | |  1.7
Stealth        | |  1.7
Transmutations | |  0.8

Action                   || total
-------------------------++-------
Melee: Mace              ||    12
       Hand axe          ||    34
 Cast: Sandblast         ||     4
 Stab: Sleeping          ||     3
       Distracted        ||     1
  Eat: Chunk             ||     1
Armor: Robe              ||    11
Dodge: Dodged            ||    34
